Map: Acropolis LE

Players

Reynor - Winner!

  • Race: Zerg Zerg
  • League: Master
  • Spawn Location: 5:00

Harstem

  • Race: Protoss Protoss
  • League: Grandmaster
  • Spawn Location: 11:00

Event: HomeStory Cup XIX

VOD

Have the link to the VOD?

Description

Time

  • Played on: June 27, 2019, 9:50 a.m.
  • Length: 18:34

All games in this series

Show
View Real Time Build Order
Export as new Build Order

Reynor Zerg - Winner!

Build Orders: Hatch First, Muta Ling Bane 

Get SALT Encoding   

  12  0:00  Drone  
  13  0:12  Overlord  
  13  0:16  Drone  
  14  0:30  Drone  
  14  0:31  Drone  
  16  0:47  Hatchery  
  15  0:50  Drone  
  15  0:54  Drone  
  17  0:57  Drone  
  18  1:11  Spawning Pool  
  18  1:14  Drone  
  18  1:17  Drone  
  19  1:27  Drone  
  19  1:31  Extractor  
  19  1:41  Hatchery  
  19  1:44  Drone  
  19  1:54  Drone  
  19  1:59  Queen  
  19  2:00  Drone  
  23  2:04  Drone  
  24  2:13  Queen  
  26  2:19  Overlord  
  26  2:23  Drone  
  26  2:26  Drone  
  28  2:37  Zergling x6  
  28  2:42  Queen  
  33  2:46  Overlord  
  33  2:49  Drone  
  34  2:55  Zergling x4  
  34  2:56  Drone  
  37  3:02  Metabolic Boost  
  37  3:04  Drone x2  
  39  3:07  Drone  
  40  3:14  Overlord  
  40  3:15  Drone  
  40  3:16  Drone  
  42  3:24  Drone  
  42  3:25  Drone x2  
  42  3:26  Drone x2  
  46  3:29  Drone  
  47  3:36  Drone  
  47  3:37  Drone  
  47  3:38  Roach Warren  
  47  3:39  Drone  
  49  3:43  Overlord  
  49  3:45  Drone  
  49  3:57  Drone x3  
  49  4:01  Zergling x14  
  59  4:05  Overlord  
  59  4:07  Spore Crawler  
  59  4:08  Spore Crawler  
  57  4:20  Overlord  
  57  4:23  Roach x4  
  65  4:26  Spore Crawler  
  65  4:27  Roach  
  65  4:29  Overlord  
  66  4:32  Overlord  
  66  4:38  Roach x3  
  71  4:39  Drone x2  
  71  4:40  Drone  
  71  4:44  Overlord  
  74  4:48  Drone x3, Extractor  
  74  4:49  Extractor  
  77  4:53  Roach  
  77  4:54  Overlord  
  77  4:55  Drone  
  77  4:59  Drone x3  
  81  5:01  Overlord  
  81  5:05  Drone x3  
  81  5:06  Drone  
  85  5:10  Zergling x6  
  88  5:15  Zergling x2  
  88  5:16  Overlord  
  88  5:18  Lair  
  88  5:20  Drone  
  90  5:27  Drone x2  
  92  5:29  Extractor x2  
  92  5:31  Drone x5  
  94  5:37  Drone x5  
  96  5:43  Roach x3  
  102  5:51  Evolution Chamber  
  102  5:52  Roach x2  
  102  5:54  Overlord  
  105  5:57  Drone x2  
  105  5:58  Drone x2  
  109  6:08  Roach x3, Overlord  
  113  6:11  Drone x3  
  113  6:14  Overlord  
  113  6:18  Roach  
  108  6:19  Queen  
  108  6:21  Drone  
  108  6:22  Drone  
  108  6:23  Spire  
  108  6:25  Overlord  
  108  6:29  Drone x3  
  108  6:30  Zerg Melee Weapons Level 1  
  108  6:32  Roach  
  111  6:35  Roach x2  
  110  6:43  Overlord  
  110  6:46  Extractor  
  109  6:49  Ravager  
  109  6:50  Overseer  
  109  6:51  Hatchery  
  109  6:53  Baneling Nest  
  107  6:58  Zergling x22  
  107  7:01  Glial Reconstitution  
  118  7:05  Zergling x6  
  121  7:08  Overlord  
  121  7:11  Zergling x4  
  123  7:18  Roach x3  
  129  7:27  Overlord  
  129  7:28  Zergling x6  
  132  7:36  Mutalisk x5  
  142  7:39  Mutalisk  
  142  7:42  Centrifical Hooks  
  142  7:43  Zergling x2  
  145  7:46  Roach  
  145  7:49  Roach  
  150  7:51  Ravager x2  
  150  7:54  Zergling x2  
  150  7:56  Overlord  
  150  7:58  Drone x4  
  156  8:00  Zergling x4  
  156  8:03  Overlord  
  156  8:04  Zergling x2, Roach x3  
  156  8:05  Ravager x2  
  167  8:06  Zergling x2  
  167  8:07  Overseer  
  167  8:09  Extractor  
  167  8:10  Zergling x2  
  167  8:12  Zergling x2  
  169  8:15  Overlord  
  169  8:20  Baneling x8  
  169  8:21  Drone x2  
  169  8:26  Baneling x4  
  171  8:27  Baneling  
  171  8:29  Zergling x6  
  174  8:40  Zergling x28  
  185  8:43  Ravager x3  
  185  8:46  Zergling x2  
  185  8:48  Overlord  
  189  8:55  Baneling  
  189  8:56  Baneling x8  
  189  8:58  Zergling x6  
  189  9:00  Baneling x3  
  192  9:06  Baneling x4  
  192  9:09  Zergling x16  
  199  9:17  Zerg Melee Weapons Level 2  
  197  9:28  Zergling x22  
  174  9:35  Zergling x6, Roach x3  
  174  9:38  Zergling x4  
  160  9:44  Zergling x4, Roach x4  
  160  9:50  Zergling x2  
  160  9:51  Zergling x8  
  155  9:54  Baneling  
  155  9:55  Baneling x15  
  155  9:58  Zergling x10  
  160  10:00  Ravager x3  
  160  10:01  Zergling x2  
  160  10:02  Baneling x3  
  160  10:05  Drone x2  
  163  10:07  Baneling x3  
  163  10:08  Zergling x2  
  163  10:11  Zergling x2  
  163  10:12  Overseer  
  163  10:13  Hatchery  
  161  10:16  Zergling x8  
  148  10:23  Zergling x2, Roach x7  
  146  10:34  Zergling x14  
  150  10:41  Zergling x2  
  150  10:42  Zergling x2  
  142  10:47  Spore Crawler  
  140  10:50  Infestation Pit  
  140  10:51  Ravager x4  
  140  10:52  Zergling x16  
  140  10:54  Pneumatized Carapace  
  140  10:55  Zergling x2  
  140  10:56  Zergling x4  
  154  11:03  Drone  
  155  11:05  Overlord  
  154  11:12  Corruptor x2  
  154  11:13  Corruptor x2  
  154  11:15  Zergling x10  
  167  11:24  Queen  
  169  11:27  Drone x8  
  167  11:44  Zergling x18  
  163  11:54  Hive  
  163  11:55  Baneling x14  
  163  11:58  Ravager x4  
  163  11:59  Zergling x22  
  178  12:03  Baneling  
  178  12:04  Baneling x7  
  178  12:09  Drone x3  
  178  12:10  Drone  
  178  12:13  Extractor  
  181  12:22  Zergling x20  
  188  12:32  Baneling x12  
  188  12:36  Zergling x20  
  198  12:39  Overseer  
  198  12:48  Overlord  
  198  12:53  Zergling x2  
  198  12:54  Zergling x12  
  200  13:04  Baneling x27  
  187  13:09  Zergling x26  
  187  13:11  Zerg Melee Weapons Level 3  
  200  13:15  Extractor  
  200  13:17  Greater Spire  
  198  13:32  Roach  
  198  13:33  Roach x2  
  193  13:42  Adrenal Glands  
  193  13:47  Corruptor x2  
  193  13:48  Zergling x6  
  200  13:50  Queen  
  193  14:04  Spore Crawler  
  193  14:05  Spine Crawler x2  
  187  14:10  Extractor  
  187  14:15  Zergling x28  
  192  14:29  Brood Lord  
  192  14:30  Brood Lord x2  
  198  14:32  Pathogen Glands  
  198  14:33  Extractor  
  198  14:35  Spore Crawler  
  195  14:44  Zerg Flyer Weapons Level 1  
  195  14:55  Hatchery  
  193  15:00  Evolution Chamber  
  192  15:11  Overseer  
  191  15:21  Brood Lord x3  
  195  15:35  Zergling x8  
  198  15:37  Overlord  
  198  15:38  Overlord  
  198  15:45  Overseer  
  195  15:54  Overlord x2  
  188  16:08  Infestor  
  188  16:09  Infestor x4  
  198  16:16  Spore Crawler x5  
  171  16:26  Zergling x50  
  171  16:30  Infestor x8  
  193  16:34  Corruptor x3  
  193  16:38  Spore Crawler x2  
  193  16:39  Spore Crawler x2  
  195  16:46  Neural Parasite  
  195  16:48  Baneling  
  195  16:49  Baneling x3  
  195  16:50  Baneling x2  
  195  16:53  Corruptor x2  
  199  17:05  Overseer  
  193  17:09  Corruptor x3  
  198  17:17  Overseer x2  
  198  17:24  Overlord  
  183  17:40  Corruptor x8  
  187  17:45  Infestor x4  
  187  17:50  Corruptor x2  
  187  17:51  Zergling x2  
  181  18:13  Zergling x36  
Show
View Real Time Build Order
Export as new Build Order

Harstem Protoss 

Build Orders: 1 Gate Expand, Archon Immortal, Archon Drop, Dark Templar Rush 

Get SALT Encoding   

  12  0:00  Probe  
  13  0:12  Probe  
  14  0:17  Pylon  
  14  0:24  Probe  
  15  0:30  Assimilator  
  15  0:32  Probe  
  16  0:43  Probe  
  16  0:45  Gateway  
  17  0:55  Probe  
  18  1:07  Probe  
  19  1:19  Probe  
  20  1:26  Nexus  
  20  1:32  Cybernetics Core  
  20  1:35  Probe  
  21  1:40  Assimilator  
  21  1:47  Probe  
  21  1:50  Pylon  
  22  1:59  Probe, Adept  
  23  2:10  Warp Gate  
  23  2:11  Probe  
  26  2:18  Twilight Council  
  26  2:19  Adept  
  26  2:23  Probe  
  29  2:36  Probe  
  30  2:38  Robotics Facility  
  30  2:41  Probe  
  31  2:48  Probe  
  31  2:51  Stalker, Probe  
  32  2:56  Resonating Glaives  
  35  3:03  Probe x2  
  35  3:14  Gateway  
  35  3:15  Probe  
  35  3:16  Probe  
  37  3:21  Warp Prism  
  37  3:26  Gateway  
  37  3:33  Probe  
  40  3:37  Probe  
  41  3:42  Dark Shrine  
  41  3:46  Probe  
  42  3:53  Pylon  
  42  3:54  Pylon  
  43  3:58  Probe  
  43  4:00  Adept  
  43  4:02  Probe  
  46  4:03  Pylon  
  46  4:09  Assimilator  
  46  4:11  Probe  
  46  4:12  Assimilator, Adept  
  50  4:21  Adept, Pylon  
  50  4:23  Adept  
  53  4:24  Probe  
  53  4:26  Probe  
  53  4:29  Adept x2  
  53  4:31  Adept  
  57  4:36  Probe  
  57  4:38  Probe  
  59  4:41  Pylon  
  60  4:56  Nexus  
  60  4:57  Dark Templar  
  60  4:58  Dark Templar  
  63  5:01  Dark Templar  
  63  5:02  Probe, Archon  
  63  5:05  Probe  
  67  5:14  Probe  
  67  5:16  Observer  
  67  5:17  Forge  
  67  5:19  Probe  
  69  5:21  Pylon  
  69  5:27  Probe  
  71  5:29  Gateway  
  71  5:30  Adept, Pylon  
  71  5:33  Probe  
  74  5:40  Probe  
  75  5:44  Probe  
  75  5:45  Dark Templar  
  75  5:49  Probe, Archon  
  78  5:52  Charge  
  78  5:53  Probe  
  79  5:58  Pylon  
  79  6:02  Pylon  
  80  6:04  Dark Templar x2  
  80  6:07  Protoss Ground Weapons Level 1  
  80  6:08  Probe  
  85  6:14  Probe  
  86  6:20  Probe  
  86  6:22  Probe  
  87  6:29  Immortal  
  87  6:31  Probe  
  87  6:33  Probe  
  89  6:43  Probe  
  89  6:44  Probe  
  89  6:45  Probe  
  92  6:52  Stargate  
  92  6:55  Probe, Immortal, Assimilator  
  92  6:56  Probe  
  92  6:57  Probe, Assimilator  
  92  6:59  Photon Cannon  
  95  7:02  Archon  
  95  7:04  Sentry x2, Zealot  
  95  7:07  Probe  
  95  7:08  Probe  
  103  7:09  Probe  
  108  7:17  Shield Battery, Gateway  
  108  7:18  Shield Battery, Gateway  
  108  7:19  Probe, Templar Archives  
  109  7:28  Phoenix  
  109  7:30  Gateway  
  109  7:31  Gateway  
  109  7:32  Photon Cannon  
  109  7:34  Immortal  
  111  7:38  Shield Battery  
  111  7:40  Pylon  
  115  7:50  Psionic Storm  
  115  7:54  Pylon  
  115  7:55  Pylon  
  115  7:57  High Templar  
  115  7:58  High Templar  
  121  8:03  Protoss Ground Weapons Level 2  
  119  8:08  Pylon  
  119  8:13  Immortal  
  119  8:14  Zealot x4  
  119  8:16  Pylon  
  127  8:22  Phoenix  
  131  8:32  Probe x2  
  134  8:35  Stalker x2  
  134  8:38  Probe  
  136  8:43  High Templar  
  136  8:44  Probe, High Templar  
  136  8:46  Probe  
  142  8:55  Probe, High Templar  
  143  9:02  Photon Cannon  
  145  9:03  Probe  
  145  9:07  Pylon  
  145  9:09  Photon Cannon, Zealot x3  
  150  9:10  Zealot x2  
  150  9:12  Nexus  
  150  9:16  Phoenix  
  155  9:30  Zealot x3  
  133  9:33  Archon x2  
  133  9:35  Zealot x5  
  110  9:48  Probe  
  109  9:54  Zealot x3  
  109  9:55  High Templar x4  
  109  9:56  Probe  
  109  9:57  Immortal  
  122  10:00  Zealot  
  122  10:01  Archon x2  
  122  10:02  Pylon  
  122  10:04  Shield Battery  
  128  10:14  Probe  
  129  10:20  Zealot  
  129  10:21  Zealot, Dark Templar  
  122  10:22  Dark Templar  
  121  10:29  Phoenix  
  121  10:32  High Templar x2  
  121  10:33  High Templar  
  127  10:36  Immortal  
  127  10:37  Probe x2  
  127  10:40  Archon  
  127  10:41  Zealot x3  
  135  10:49  Probe  
  139  10:59  High Templar x2  
  139  11:01  Nexus  
  141  11:08  Warp Prism  
  141  11:09  Probe  
  141  11:12  Photon Cannon  
  141  11:14  Photon Cannon  
  141  11:15  High Templar x2  
  141  11:16  Zealot x4  
  153  11:21  Archon  
  153  11:23  Nexus  
  155  11:30  Probe  
  139  11:46  Zealot  
  131  11:47  Dark Templar x4  
  131  11:48  Zealot x2  
  131  11:51  Archon x2  
  143  11:54  Probe  
  143  11:59  Observer  
  144  12:01  Protoss Ground Weapons Level 3  
  143  12:09  Gateway  
  143  12:13  Nexus  
  143  12:14  Pylon  
  143  12:16  Gateway  
  143  12:19  Zealot x3  
  143  12:20  Zealot x4  
  155  12:39  Fleet Beacon  
  155  12:42  Photon Cannon  
  155  12:44  Shield Battery, Pylon  
  155  12:46  Zealot, High Templar x2  
  155  12:47  Zealot x2, Stargate  
  155  12:50  Archon  
  149  13:10  Dark Templar x4  
  157  13:13  Zealot x3  
  157  13:16  Archon x2  
  157  13:18  Probe, Assimilator  
  164  13:20  Pylon  
  164  13:23  Photon Cannon  
  162  13:32  Probe  
  163  13:34  Mothership  
  163  13:39  Dark Templar  
  163  13:40  Zealot x3, Dark Templar  
  173  13:45  Archon  
  181  13:55  Zealot  
  181  13:56  Zealot x3  
  181  14:02  Probe  
  177  14:04  Tempest  
  178  14:19  Probe  
  178  14:22  Assimilator  
  177  14:24  Photon Cannon  
  177  14:29  Tempest  
  177  14:35  High Templar  
  177  14:39  Tempest  
  182  14:47  Zealot x3, Dark Templar  
  182  14:52  Dark Templar  
  197  14:59  Dark Templar  
  197  15:03  Oracle  
  200  15:18  Photon Cannon  
  200  15:19  Photon Cannon  
  198  15:21  Photon Cannon  
  196  15:31  Pylon  
  196  15:32  Photon Cannon  
  196  15:33  Shield Battery  
  196  15:44  Photon Cannon, High Templar  
  196  15:46  Photon Cannon  
  196  15:48  Tempest  
  196  15:51  Tempest, Pylon  
  188  16:06  Zealot x2  
  192  16:16  High Templar x4  
  196  16:24  Zealot x2  
  200  16:27  Probe x2, Archon x2  
  200  16:29  Probe x2  
  200  16:30  Tempest  
  191  16:34  Pylon  
  191  16:35  Probe  
  192  16:41  Probe x2  
  192  16:43  Oracle  
  192  16:46  Photon Cannon  
  197  16:47  High Templar  
  199  17:00  Probe, Archon  
  194  17:11  Zealot x3  
  200  17:29  High Templar  
  190  17:37  Zealot x2  
  190  17:38  Zealot x3  
  157  18:16  Zealot x8  
  157  18:17  Zealot  
Tags
 
Add a new tag
Caveats
  • Supply blocks, unpowered buildings, or Contaminate may cause inaccurate times.
  • Supply counts are checked every 10 seconds.